 Dungeon Sprint DCSS version 0.23.2-33-g5129a83184 (webtiles) character file.

Game seed: 8242541016783768225

178938 Atelerd the Minotaur Barricade (level 17, -2/286 HPs)
             Began as a Minotaur Berserker on July 22, 2019.
             Was the Champion of Trog.
             Splashed by an acid blob's acid (5 damage)
             ... in the Dungeon (Sprint V: "Ziggurat Sprint").
             The game lasted 00:28:36 (3117 turns).

Atelerd the Minotaur Barricade (Minotaur Berserker) Turns: 3117, Time: 00:28:37

Health: -2/286     AC: 37    Str: 32    XL:     17   Next: 59%
Magic:  12/30      EV: 19    Int:  1    God:    Trog [******]
Gold:   0          SH: 38    Dex: 15    Spells: 16/16 levels left

rFire    . . .     SeeInvis .   x - +8 mithril axe "Arga" {speed, MR+}
rCold    + + +     Gourm    .   F - +18 shield of the Gong {rElec rN+ MR+ EV-5}
rNeg     + + +     Faith    .   P - +17 plate armour of the Sky {MR+}
rPois    .         Spirit   .   (helmet restricted)
rElec    +         Reflect  .   z - +2 cloak {+Inv}
rCorr    .         Harm     .   X - +2 pair of gloves {Str+3}
MR       +++++     Rnd*Rage +   v - +2 pair of boots {run} Stlth ..........NoTele +
                                G - necklace of Bloodlust {*Rage +Rage MR++ Int-3 Slay+6 *Curse}
HPRegen  1.57/turn              Z - ring of Robustness {AC+8}
MPRegen  0.22/turn              K - ring of Kitoopip {rC+++ rN+++ MR- AC+3 Slay-2}

@: berserking, corroded, very slightly contaminated, regenerating, slowed, lost
intelligence, quick
A: retaliatory headbutt, horns 2
a: Berserk, Trog's Hand, Brothers in Arms, Renounce Religion, Evoke Berserk
Rage, Evoke Invisibility


You were in the Dungeon.
You worshipped Trog.
Trog was exalted by your worship.
You were not hungry.

You visited 1 branch

Inventory:

Hand Weapons
 x - the +8 mithril axe "Arga" (weapon) {speed, MR+}
   (You found it in the Dungeon)

   Attacks with this weapon are significantly faster.
   It affects your resistance to hostile enchantments.
 D - the +14 obsidian axe {chop, +Fly SInv *Curse}
   (You found it in the Dungeon)

   It inflicts extra damage upon your enemies.
   It lets you see invisible.
   It lets you fly.
   It curses itself when equipped.
Armour
 b - a +2 pair of boots of stealth
 v - a +2 pair of boots of running (worn)
 z - a +2 cloak of invisibility (worn)
 F - the +18 shield of the Gong (worn) {rElec rN+ MR+ EV-5}
   (You found it in the Dungeon)

   It affects your evasion (-5).
   It insulates you from electricity.
   It protects you from negative energy.
   It affects your resistance to hostile enchantments.
 P - the +17 plate armour of the Sky (worn) {MR+}
   (You found it in the Dungeon)

   It affects your resistance to hostile enchantments.
 X - a +2 pair of gloves of strength (worn)
Jewellery
 m - an uncursed ring of protection from magic
 y - the ring of Lies {Dex+2 Stlth+}
   (You found it in the Dungeon)

   [ring of dexterity]

   It affects your dexterity (+2).
   It makes you more stealthy.
 E - the amulet of Thoughtfulness {+Rage Slay+2 SInv}
   (You found it in the Dungeon)

   [amulet of rage]

   It affects your accuracy and damage with ranged weapons and melee attacks
   (+2).
   It lets you see invisible.
   It lets you go berserk.
 G - the necklace of Bloodlust (around neck) {*Rage +Rage MR++ Int-3 Slay+6 *Curse}
   (You found it in the Dungeon)

   [amulet of rage]

   It affects your intelligence (-3).
   It affects your accuracy and damage with ranged weapons and melee attacks
   (+6).
   It affects your resistance to hostile enchantments.
   It lets you go berserk.
   It may make you go berserk in combat.
   It curses itself when equipped.
 K - the ring of Kitoopip (right hand) {rC+++ rN+++ MR- AC+3 Slay-2}
   (You found it in the Dungeon)

   [ring of protection]

   It affects your AC (+3).
   It affects your accuracy and damage with ranged weapons and melee attacks
   (-2).
   It renders you almost immune to cold.
   It renders you almost immune to negative energy.
   It affects your resistance to hostile enchantments.
 M - the ring "Feifaff" {rElec rN+ MR+ Dex+3}
   (You found it in the Dungeon)

   [ring of positive energy]

   It affects your dexterity (+3).
   It insulates you from electricity.
   It protects you from negative energy.
   It affects your resistance to hostile enchantments.
 N - a +6 ring of dexterity
 O - an uncursed ring of stealth
 Q - an uncursed ring of magical power
 R - an uncursed ring of protection from magic
 S - an uncursed ring of fire
 T - the amulet of a Million Lies {Harm *Drain MR+}
   (You found it in the Dungeon)

   [amulet of harm]

   It increases damage dealt and taken.
   It affects your resistance to hostile enchantments.
   It causes draining when unequipped.
 U - the ring "Ruizieg" {rPois rC- MP+9 Dex+6}
   (You found it in the Dungeon)

   [ring of poison resistance]

   It affects your dexterity (+6).
   It makes you vulnerable to cold.
   It protects you from poison.
   It affects your magic capacity (+9).
 V - an uncursed ring of magical power
 Y - an uncursed ring of stealth
 Z - the ring of Robustness (left hand) {AC+8}
   (You found it in the Dungeon)

   [ring of protection]

   It affects your AC (+8).
Wands
 A - a wand of disintegration (7)
 B - a wand of iceblast (7)
 C - a wand of acid (5)
Scrolls
 i - 4 scrolls of blinking
 p - 7 scrolls of fog
 q - 3 scrolls of holy word
 r - 2 scrolls of identify
 s - 4 scrolls of remove curse
 t - 2 scrolls of fear
 u - 4 scrolls of enchant weapon
 w - 4 scrolls of brand weapon
 J - 4 scrolls of enchant armour
Potions
 d - 10 potions of curing
 e - 14 potions of heal wounds
 f - 18 potions of haste
 g - 7 potions of magic
 h - 3 potions of berserk rage
 j - 2 potions of brilliance
 k - 2 potions of invisibility
 l - 4 potions of resistance
 n - 6 potions of agility
 o - 5 potions of might
Miscellaneous
 a - 7 phantom mirrors
 W - a fan of gales
Comestibles
 c - 2 rations


   Skills:
 O Level 27 Fighting
 * Level 26.4 Axes
 + Level 25.4 Armour
 * Level 24.5 Dodging
 O Level 27 Shields
 - Level 21.5 Evocations


You had 16 spell levels left.
You didn't know any spells.
Your spell library contained the following spells:

 Spells                   Type           Power        Failure   Level  Hunger
 Sting                    Conj/Pois      #...         89%         1    ##.....
 Throw Flame              Conj/Fire      #.....       96%         2    ###....
 Leda's Liquefaction      Hex/Erth       #.........   100%        4    #####..
 Agony                    Necr           #.......     100%        5    ######.
 Bolt of Magma            Conj/Fire/Erth #.........   100%        5    ######.
 Excruciating Wounds      Chrm/Necr      #.........   100%        5    ######.
 Irradiate                Conj/Tmut      #.........   100%        5    ######.
 Iron Shot                Conj/Erth      #.........   100%        6    #######
 Statue Form              Tmut/Erth      #........    100%        6    #######
 Shatter                  Erth           #.........   100%        9    #######


Dungeon Overview and Level Annotations

Branches:
Dungeon (1/1)

Altars:
Ashenzari
Cheibriados
Dithmenos
Elyvilon
Fedhas
Gozag
Hepliaklqana
Kikubaaqudgha
Makhleb
Nemelex Xobeh
Okawaru
Qazlal
Ru
Sif Muna
Trog
Uskayaw
Vehumet
Wu Jian
Xom
Yredelemnul
Zin
The Shining One
Beogh
Jiyva
Lugonu


Innate Abilities, Weirdness & Mutations

You reflexively headbutt those who attack you in melee.
You have a pair of horns on your head.


Message History

The jelly jiggles.
You block the acid blob's attack.
BOUMMMMG!
You block the acid blob's attack.
GONNNNG!
The eye of draining gazes at you.
You feel your power leaking away.
Unknown command.
Unknown command.
You are too berserk!
Unknown command.
You hit the acid blob. The acid corrodes you!
Your hands burn!
* * * LOW HITPOINT WARNING * * *
The acid blob is heavily wounded.
You slice the azure jelly!! You slash the acid blob! The acid corrodes you!
Your hands burn!
* * * LOW HITPOINT WARNING * * *
You hit the slime creature. You barely miss the great orb of eyes.
You hit the acid blob. The acid corrodes you!
Your hands burn!
You die... .[.|:.▓ .|:.}.▓ )::|=):=:)[}|"| [|).).▓ ?):[?)[)=):=):[

......▓
.....)})").....
......▓
.......G.......
......▓
....GJGJJJG....
......▓
....GGJJGJG....
......▓
.....JJJJG.....
......▓
....GGJ@.G.....
......▓
......J.G......
......▓
...............
.....
...............
.....
...............
.▓...
..▓.........▓..
▓▓▓.. .
▓▓.......▓▓ .
.▓...
..▓.........▓..
....
...............


You could see 4 acid blobs, 2 azure jellies, 2 great orbs of eyes, a titanic
slime creature, an enormous slime creature, a large slime creature, 2 slime
creatures, 5 shining eyes, 4 eyes of devastation, a death ooze, 2 eyes of
draining and a jelly.

Vanquished Creatures
  4 liches (D)
  6 deep elf master archers (D)
  3 deep elf blademasters (D)
  5 acid blobs (D)
  Agnes (D)
  Gastronok (D)
  2 shadow dragons (D)
  6 azure jellies (D)
  2 ghost moths (D)
  2 deep elf sorcerers (D)
  A balrug (D)
  6 iron dragons (D)
  An emperor scorpion (D)
  Aizul (D)
  8 ghouls (D)
  12 stone giants (D)
  9 vampire knights (D)
  Nessos (D)
  4 death oozes (D)
  2 deep elf high priests (D)
  4 yaktaur captains (D)
  10 vault guards (D)
  A fire dragon (D)
  Erolcha (D)
  4 great orbs of eyes (D)
  5 merfolk aquamancers (D)
  4 centaur warriors (D)
  A small abomination (D)
  2 vampire magi (D)
  3 dancing weapons (D)
  2 iron golems (D)
  2 deep elf knights (D)
  2 wretched stars (D)
  A shadow wraith (D)
  7 skeletal warriors (D)
  2 glowing orange brains (D)
  3 flayed ghosts (D)
  A deep elf archer (D)
  11 necromancers (D)
  7 deep elf magi (D)
  6 wolf spiders (D)
  2 cyclopes (D)
  An orb spider (D)
  3 toenail golems (D)
  Psyche (D)
  2 spiny frogs (D)
  A kobold demonologist (D)
  2 gargoyles (D)
  8 yaktaurs (D)
  An efreet (D)
  A komodo dragon (D)
  2 demonic crawlers (D)
  A red devil (D)
  2 jumping spiders (D)
  Prince Ribbit (D)
  5 slime creatures (D)
  A snapping turtle (D)
  A hornet (D)
  4 redbacks (D)
  A tarantella (D)
  6 vampires (D)
  11 shadows (D)
  2 air elementals (D)
  A fire elemental (D)
  2 golden eyes (D)
  Menkaure (D)
  A chaos spawn (D)
  A floating eye (D)
  A hell hound (D)
  An orc warrior (D)
  3 necrophages (D)
  A wolf (D)
  7 centaurs (D)
  2 crocodiles (D)
  A bullfrog (D)
  8 earth elementals (D)
  6 scorpions (D)
  6 wights (D)
  2 iron imps (D)
  6 jellies (D)
  2 orc wizards (D)
  5 orc priests (D)
  A shadow imp (D)
  An ufetubus (D)
  2 oozes (D)
  6 adder zombies (D)
  4 adder skeletons (D)
  An orc (D)
  3 bat skeletons (D)
  2 bat zombies (D)
  2 jackals (D)
  2 ball python zombies (D)
  3 giant cockroach zombies (D)
  A quokka skeleton (D)
  A quokka zombie (D)
  2 crawling corpses (D)
303 creatures vanquished.

Vanquished Creatures (collateral kills)
  Nikola (D)
  A bone dragon (D)
  A lich (D)
  A deep elf blademaster (D)
  Frances (D)
  2 quicksilver dragons (D)
  2 fire giants (D)
  2 balrugs (D)
  2 iron dragons (D)
  A ghoul (D)
  An entropy weaver (D)
  A stone giant (D)
  6 crystal guardians (D)
  A merfolk javelineer (D)
  A death ooze (D)
  A merfolk impaler (D)
  A yaktaur captain (D)
  A vault guard (D)
  2 deep elf high priests (D)
  Erica (D)
  A dancing weapon (D)
  A vampire mage (D)
  2 hell hogs (D)
  2 iron golems (D)
  A deep elf knight (D)
  Nergalle (D)
  Sonja (D)
  A sea snake (D)
  A skeletal warrior (D)
  A harpy (D)
  3 deep elf magi (D)
  3 orb spiders (D)
  2 necromancers (D)
  A manticore (D)
  2 gargoyles (D)
  5 yaktaurs (D)
  A demonic crawler (D)
  2 tormentors (D)
  An efreet (D)
  3 jumping spiders (D)
  A hornet (D)
  A merfolk (D)
  A snapping turtle (D)
  3 vampires (D)
  A shadow (D)
  2 wraiths (D)
  A fire elemental (D)
  3 hell hounds (D)
  2 necrophages (D)
  A centaur (D)
  2 earth elementals (D)
  6 wights (D)
  Crazy Yiuf (D)
  An orc priest (D)
  2 orc wizards (D)
  An iron imp (D)
  2 shadow imps (D)
  3 adder zombies (D)
  4 adder skeletons (D)
  3 bat skeletons (D)
  7 bat zombies (D)
  A ball python skeleton (D)
  A ball python zombie (D)
  A giant cockroach zombie (D)
  2 jackal zombies (D)
  A leopard gecko zombie (D)
  A quokka skeleton (D)
  A quokka zombie (D)
  A fire vortex (D)
122 creatures vanquished.

Vanquished Creatures (others)
  A merfolk javelineer (D)
  A yaktaur captain (D)
  A spatial maelstrom (D)
  Pikel (D)
  A yaktaur (D)
  Sigmund (D)
  A centaur (D)
7 creatures vanquished.

Grand Total: 432 creatures vanquished

Notes
Turn   | Place    | Note
-------+----------+-------------------------------------------
     0 | D        | Found the +6 Majin-Bo {vamp, Archmagi MP+6 Int+6}
     0 | D        | Found the +7 great mace "Firestarter" {inner flame, rF++}
     0 | D        | Atelerd the Minotaur Berserker began the quest for the Orb.
     0 | D        | Reached XP level 1. HP: 19/19 MP: 0/0
     0 | D        | Found a blossoming altar of Fedhas.
     1 | D        | Found a deep blue altar of Sif Muna.
     1 | D        | Found a sacrificial altar of Ru.
     1 | D        | Found a bloodstained altar of Trog.
     1 | D        | Found a stormy altar of Qazlal.
     1 | D        | Found an iron altar of Okawaru.
     1 | D        | Found a sparkling altar of Nemelex Xobeh.
     3 | D        | Found a transporter.
     3 | D        | Found an ancient bone altar of Kikubaaqudgha.
     3 | D        | Found a viscous altar of Jiyva.
     3 | D        | Found a corrupted altar of Lugonu.
     3 | D        | Found a hazy altar of Hepliaklqana.
     3 | D        | Found a burning altar of Makhleb.
     3 | D        | Found an opulent altar of Gozag.
     3 | D        | Banished a spatial maelstrom
    22 | D        | Found the +9 heavy crossbow "Sniper" {velocity, Acc+∞ SInv}
    22 | D        | Found the +10 dark maul {crush}
    22 | D        | Found the +15 Maxwell's patent armour {-Cast -Tele rElec
                  | MR+ rCorr}
    22 | D        | Found the +18 shield of the Gong {rElec rN+ MR+ EV-5}
    22 | D        | Found the cursed +14 obsidian axe {chop, +Fly SInv *Curse}
    40 | D        | Found the +6 shillelagh "Devastator" {shatter}
    40 | D        | Found the +11 plutonium sword {*Contam Stlth-}
    40 | D        | Found the +8 lance "Wyrmbane" {slay drac, rPois rF+ rC+
                  | AC+3}
    40 | D        | Found the +9 sword of Zonguldrok {reap}
    40 | D        | Found the cursed +13 scythe of Curses {drain, *Curse}
    40 | D        | Found the +0 sword of Power
    40 | D        | Found the +7 mace of Variability {chain chaos}
    40 | D        | Found the +7 Singing Sword {slice, sonic wave}
    40 | D        | Found the +7 longbow "Piercer" {penet, EV-2}
    65 | D        | Reached XP level 2. HP: 37/37 MP: 1/1
    66 | D        | Entered arena 2.
    66 | D        | Noticed a deep elf mage
    66 | D        | Noticed a deep elf mage
    66 | D        | Found a transporter.
    69 | D        | Noticed a fire elemental
    72 | D        | Noticed a fire elemental
    72 | D        | Noticed a fire elemental
    72 | D        | Killed a deep elf mage
    72 | D        | Reached skill level 5 in Dodging
    72 | D        | Reached XP level 3. HP: 45/47 MP: 2/2
    72 | D        | Reached XP level 4. HP: 53/55 MP: 3/3
    72 | D        | Reached XP level 5. HP: 59/61 MP: 4/4
    72 | D        | Reached XP level 6. HP: 66/68 MP: 5/5
    78 | D        | Killed a deep elf mage
    78 | D        | Reached ** piety under Trog
    78 | D        | Reached skill level 10 in Shields
    78 | D        | Reached XP level 7. HP: 51/77 MP: 6/6
   214 | D        | Entered arena 3.
   214 | D        | Noticed a chaos spawn
   214 | D        | Found a transporter.
   215 | D        | Identified the +5 hand axe "Hydra's Nightmare" {chop, rC-
                  | MR+++ MP+9 Int-2 Stlth+}
   218 | D        | Killed a chaos spawn
   218 | D        | Reached *** piety under Trog
   230 | D        | Entered arena 4.
   230 | D        | Noticed a jumping spider
   230 | D        | Found a transporter.
   233 | D        | Killed a jumping spider
   233 | D        | Reached XP level 8. HP: 84/84 MP: 7/7
   235 | D        | Reached **** piety under Trog
   242 | D        | Got Qalaap's Volume of Dark Combat Magic
   247 | D        | Entered arena 5.
   247 | D        | Noticed a +2 war axe of flaming
   247 | D        | Noticed a deep elf mage
   247 | D        | Noticed a +2 dire flail of protection
   247 | D        | Noticed a deep elf archer
   247 | D        | Found a transporter.
   252 | D        | Killed a deep elf mage
   254 | D        | Killed a +2 war axe of flaming
   254 | D        | Reached skill level 10 in Axes
   254 | D        | Reached XP level 9. HP: 93/93 MP: 8/8
   256 | D        | Killed a +2 dire flail of protection
   256 | D        | Reached ***** piety under Trog
   256 | D        | Reached skill level 10 in Armour
   259 | D        | Killed a deep elf archer
   259 | D        | Received a gift from Trog
   296 | D        | Got a scorched broad axe {god gift}
   297 | D        | Identified the +7 broad axe of Noon {venom, +Inv Str+8
                  | Int-4} (Trog gifted it to you in the Dungeon)
   304 | D        | Entered arena 6.
   304 | D        | Found a transporter.
   309 | D        | Received a gift from Trog
   384 | D        | Entered arena 7.
   384 | D        | Noticed a wolf spider
   385 | D        | Found a transporter.
   391 | D        | Killed a wolf spider
   391 | D        | Reached skill level 10 in Dodging
   391 | D        | Reached XP level 10. HP: 103/103 MP: 9/9
   409 | D        | Entered arena 8.
   410 | D        | Found a transporter.
   410 | D        | Received a gift from Trog
   411 | D        | Reached ****** piety under Trog
   427 | D        | Got the +17 plate armour of the Sky {MR+}
   431 | D        | Entered arena 9.
   432 | D        | Found a transporter.
   434 | D        | Received a gift from Trog
   436 | D        | Reached skill level 15 in Shields
   438 | D        | Received a gift from Trog
   547 | D        | Entered arena 10.
   547 | D        | Noticed a gargoyle
   547 | D        | Noticed a toenail golem
   547 | D        | Noticed a toenail golem
   547 | D        | Noticed a gargoyle
   547 | D        | Noticed a toenail golem
   548 | D        | Found a transporter.
   551 | D        | Killed a gargoyle
   553 | D        | Killed a toenail golem
   553 | D        | Killed a toenail golem
   554 | D        | Killed a toenail golem
   557 | D        | Received a gift from Trog
   561 | D        | Killed a gargoyle
   572 | D        | Got the amulet of a Million Lies {Harm *Drain MR+}
   574 | D        | Got the ring "Ruizieg" {rPois rC- MP+9 Dex+6}
   704 | D        | Entered arena 11.
   704 | D        | Noticed a spiny frog
   704 | D        | Noticed a spiny frog
   705 | D        | Found a transporter.
   707 | D        | Killed a spiny frog
   710 | D        | Received a gift from Trog
   710 | D        | Killed a spiny frog
   758 | D        | Entered arena 12.
   758 | D        | Noticed a hell hog
   758 | D        | Noticed a fire giant
   758 | D        | Noticed a hell hog
   758 | D        | Noticed a fire dragon
   758 | D        | Noticed a fire giant
   762 | D        | Killed a hell hog
   762 | D        | Reached skill level 15 in Fighting
   764 | D        | Killed a hell hog
   764 | D        | Received a gift from Trog
   764 | D        | Reached XP level 11. HP: 50/112 MP: 10/10
   765 | D        | Killed a fire giant
   768 | D        | Found a transporter.
   768 | D        | Killed a fire giant
   768 | D        | Received a gift from Trog
   770 | D        | Killed a fire dragon
   784 | D        | Got the ring of Kitoopip {rC+++ rN+++ MR- AC+3 Slay-2}
   975 | D        | Entered arena 13.
   975 | D        | Noticed a wretched star
   975 | D        | Noticed a wretched star
   975 | D        | Noticed a shadow wraith
   978 | D        | Found a transporter.
   981 | D        | Killed a wretched star
   982 | D        | Killed a shadow wraith
   982 | D        | Received a gift from Trog
   985 | D        | Killed a wretched star
   985 | D        | Received a gift from Trog
  1034 | D        | Entered arena 14.
  1035 | D        | Noticed a merfolk aquamancer
  1035 | D        | Noticed a merfolk aquamancer
  1035 | D        | Noticed a merfolk aquamancer
  1035 | D        | Noticed a merfolk aquamancer
  1035 | D        | Noticed a harpy
  1036 | D        | Noticed a merfolk impaler
  1036 | D        | Noticed a merfolk aquamancer
  1037 | D        | Noticed a sea snake
  1041 | D        | Killed a merfolk aquamancer
  1042 | D        | Found a transporter.
  1042 | D        | Killed a harpy
  1044 | D        | Killed a merfolk aquamancer
  1045 | D        | Killed a merfolk aquamancer
  1045 | D        | Received a gift from Trog
  1046 | D        | Killed a merfolk aquamancer
  1053 | D        | Received a gift from Trog
  1055 | D        | Killed a sea snake
  1055 | D        | Reached XP level 12. HP: 86/127 MP: 11/11
  1059 | D        | Killed a merfolk aquamancer
  1059 | D        | Killed a merfolk impaler
  1059 | D        | Reached skill level 15 in Axes
  1069 | D        | Got the ring of the Swan {rC+ MP+9}
  1158 | D        | Entered arena 15.
  1159 | D        | Noticed a deep elf blademaster
  1159 | D        | Noticed a deep elf blademaster
  1160 | D        | Noticed a deep elf sorcerer
  1160 | D        | Noticed a deep elf high priest
  1164 | D        | Noticed a deep elf high priest
  1165 | D        | Received a gift from Trog
  1170 | D        | Killed a deep elf sorcerer
  1172 | D        | Killed a deep elf blademaster
  1172 | D        | Reached skill level 15 in Armour
  1173 | D        | Received a gift from Trog
  1174 | D        | Killed a deep elf blademaster
  1175 | D        | Found a transporter.
  1181 | D        | Received a gift from Trog
  1182 | D        | Killed a deep elf high priest
  1184 | D        | Killed a deep elf high priest
  1365 | D        | Entered arena 16.
  1367 | D        | Noticed a deep elf blademaster
  1367 | D        | Noticed a deep elf high priest
  1368 | D        | Found the ring of Robustness {AC+8}
  1368 | D        | Noticed a deep elf blademaster
  1368 | D        | Identified the amulet "Coribo Agakh" {Spirit +Inv rPois rN+
                  | MR+}
  1369 | D        | Noticed a deep elf high priest
  1369 | D        | Identified the amulet of Febrod {rN+ MR- Regen+ Dex+3}
  1369 | D        | Noticed a deep elf master archer
  1370 | D        | Noticed a deep elf sorcerer
  1374 | D        | Killed a deep elf blademaster
  1374 | D        | Received a gift from Trog
  1378 | D        | Killed a deep elf high priest
  1378 | D        | Reached XP level 13. HP: 124/139 MP: 12/12
  1378 | D        | Received a gift from Trog
  1380 | D        | Killed a deep elf blademaster
  1380 | D        | Reached skill level 15 in Dodging
  1384 | D        | Killed a deep elf sorcerer
  1388 | D        | Received a gift from Trog
  1388 | D        | Killed a deep elf master archer
  1389 | D        | Found a transporter.
  1391 | D        | Received a gift from Trog
  1644 | D        | Entered arena 17.
  1647 | D        | Noticed an azure jelly
  1647 | D        | Noticed an acid blob
  1647 | D        | Noticed a death ooze
  1649 | D        | Noticed an azure jelly
  1649 | D        | Noticed an azure jelly
  1652 | D        | Reached skill level 1 in Evocations
  1652 | D        | Killed a death ooze
  1654 | D        | Paralysed by a floating eye for 3 turns
  1659 | D        | Killed an azure jelly
  1659 | D        | Received a gift from Trog
  1660 | D        | Killed an acid blob
  1661 | D        | Killed an azure jelly
  1662 | D        | Reached skill level 5 in Evocations
  1664 | D        | Killed an azure jelly
  1664 | D        | Received a gift from Trog
  1664 | D        | Received a gift from Trog
  1675 | D        | Found a transporter.
  1681 | D        | Got the amulet of Adatt {Acrobat Dex+2}
  1722 | D        | Entered arena 18.
  1726 | D        | Noticed a lich
  1727 | D        | Noticed a ghoul
  1727 | D        | Noticed a vampire knight
  1728 | D        | Identified the ring of the Good {Fire -Tele Str+2 Dex+4
                  | Slay+2}
  1729 | D        | Identified the cursed +1 falchion of Fragile Peace {pain,
                  | MR+ Str-5 Int+10}
  1734 | D        | Received a gift from Trog
  1735 | D        | Killed a lich
  1735 | D        | Reached XP level 14. HP: 151/151 MP: 16/18
  1738 | D        | Received a gift from Trog
  1740 | D        | Killed a ghoul
  1741 | D        | Received a gift from Trog
  1747 | D        | Killed a vampire knight
  1752 | D        | Found a transporter.
  1904 | D        | Entered arena 19.
  1908 | D        | Noticed Agnes
  1908 | D        | Noticed Erolcha
  1908 | D        | Noticed Sigmund
  1908 | D        | Noticed Crazy Yiuf
  1908 | D        | Noticed Pikel
  1908 | D        | Noticed Prince Ribbit
  1908 | D        | Noticed Frances
  1908 | D        | Noticed Nikola
  1909 | D        | Identified the cursed +1 shortbow of Kaloanue {freeze,
                  | *Corrode +Blink rF+ SInv}
  1909 | D        | Noticed Gastronok
  1909 | D        | Noticed Psyche
  1909 | D        | Noticed Menkaure
  1909 | D        | Noticed Erica
  1909 | D        | Noticed Nessos
  1909 | D        | Noticed Nergalle
  1910 | D        | Noticed Aizul
  1910 | D        | Noticed Sonja
  1913 | D        | Killed Pikel
  1915 | D        | Killed Prince Ribbit
  1916 | D        | Killed Agnes
  1916 | D        | Received a gift from Trog
  1916 | D        | Killed Menkaure
  1918 | D        | Killed Nikola
  1922 | D        | Killed Aizul
  1922 | D        | Killed Psyche
  1924 | D        | Found a transporter.
  1924 | D        | Killed Erica
  1924 | D        | Received a gift from Trog
  1925 | D        | Killed Crazy Yiuf
  1926 | D        | Killed Erolcha
  1926 | D        | Killed Sigmund
  1929 | D        | Killed Nessos
  1929 | D        | Received a gift from Trog
  1930 | D        | Killed Frances
  1931 | D        | Killed Gastronok
  1931 | D        | Killed Nergalle
  1933 | D        | Killed Sonja
  1972 | D        | Entered arena 20.
  1977 | D        | Noticed a stone giant
  1977 | D        | Noticed a stone giant
  1977 | D        | Noticed a stone giant
  1977 | D        | Noticed a shadow dragon
  1977 | D        | Noticed a stone giant
  1978 | D        | Noticed a shadow dragon
  1978 | D        | Identified the +6 plate armour "Cudduon" {rF+}
  1980 | D        | Identified the ring of Dachio Vogerch {rElec rC+ Slay+2}
  1990 | D        | Received a gift from Trog
  1991 | D        | Reached skill level 10 in Evocations
  1993 | D        | Received a gift from Trog
  1996 | D        | Killed a stone giant
  2001 | D        | Killed a stone giant
  2001 | D        | Received a gift from Trog
  2002 | D        | Killed a shadow dragon
  2003 | D        | Killed a shadow dragon
  2003 | D        | Killed a stone giant
  2004 | D        | Found a transporter.
  2005 | D        | Killed a stone giant
  2005 | D        | Received a gift from Trog
  2113 | D        | Entered arena 21.
  2117 | D        | Noticed a ghost moth
  2117 | D        | Noticed an emperor scorpion
  2118 | D        | Noticed an entropy weaver
  2119 | D        | Noticed a ghost moth
  2122 | D        | Received a gift from Trog
  2122 | D        | Reached XP level 15. HP: 154/162 MP: 7/22
  2126 | D        | Killed a ghost moth
  2127 | D        | Received a gift from Trog
  2130 | D        | Received a gift from Trog
  2137 | D        | Killed a ghost moth
  2139 | D        | Received a gift from Trog
  2147 | D        | Found a transporter.
  2150 | D        | Received a gift from Trog
  2164 | D        | Got the amulet of Thoughtfulness {+Rage Slay+2 SInv}
  2274 | D        | Entered arena 22.
  2278 | D        | Noticed an iron dragon
  2278 | D        | Noticed an iron dragon
  2278 | D        | Noticed an iron dragon
  2278 | D        | Noticed an iron dragon
  2279 | D        | Noticed a quicksilver dragon
  2279 | D        | Noticed an iron dragon
  2279 | D        | Noticed an iron dragon
  2279 | D        | Noticed a quicksilver dragon
  2280 | D        | Noticed an iron dragon
  2282 | D        | Noticed an iron dragon
  2286 | D        | Killed an iron dragon
  2289 | D        | Found the +8 mithril axe "Arga" {speed, MR+}
  2290 | D        | Received a gift from Trog
  2291 | D        | Killed a quicksilver dragon
  2291 | D        | Received a gift from Trog
  2294 | D        | Killed an iron dragon
  2295 | D        | Killed an iron dragon
  2296 | D        | Killed an iron dragon
  2297 | D        | Found a transporter.
  2297 | D        | Received a gift from Trog
  2301 | D        | Killed an iron dragon
  2302 | D        | Killed an iron dragon
  2303 | D        | Killed a quicksilver dragon
  2307 | D        | Killed an iron dragon
  2307 | D        | Received a gift from Trog
  2310 | D        | Killed an iron dragon
  2310 | D        | Reached skill level 27 in Shields
  2314 | D        | Received a gift from Trog
  2356 | D        | Got the ring "Vic Xoi" {Int+7 Dex+3 Stlth-}
  2396 | D        | Entered arena 23.
  2396 | D        | Identified the cursed +2 long sword of a wizard's
                  | laboratory {slice, rPois Str+6}
  2396 | D        | Identified the +5 ring mail "Jyud" {MR+++ rCorr Str+5}
  2396 | D        | Identified the cursed +1 chain mail of Uroephi {Dex+10}
  2401 | D        | Received a gift from Trog
  2411 | D        | Received a gift from Trog
  2414 | D        | Reached skill level 15 in Evocations
  2415 | D        | Received a gift from Trog
  2416 | D        | Received a gift from Trog
  2421 | D        | Received a gift from Trog
  2426 | D        | Received a gift from Trog
  2426 | D        | Reached XP level 16. HP: 180/180 MP: 26/26
  2442 | D        | Got an ebony hand axe {god gift}
  2443 | D        | Identified the +2 hand axe "Vyro" {chop, Str+8 Dex-3} (Trog
                  | gifted it to you in the Dungeon)
  2453 | D        | Found a transporter.
  2465 | D        | Got the ring "Feifaff" {rElec rN+ MR+ Dex+3}
  2486 | D        | Entered arena 24.
  2495 | D        | Noticed a bone dragon
  2495 | D        | Noticed a lich
  2497 | D        | Identified the +9 hunting sling "Uninamotwoy" {velocity,
                  | MR+ Int+2}
  2499 | D        | Received a gift from Trog
  2505 | D        | Killed a bone dragon
  2509 | D        | Killed a lich
  2509 | D        | Received a gift from Trog
  2511 | D        | Received a gift from Trog
  2517 | D        | Received a gift from Trog
  2519 | D        | Received a gift from Trog
  2524 | D        | Found a transporter.
  2633 | D        | Entered arena 25.
  2641 | D        | Found the cursed necklace of Bloodlust {*Rage +Rage MR++
                  | Int-3 Slay+6 *Curse}
  2641 | D        | Found the +8 storm bow {elec}
  2641 | D        | Found the +6 arbalest "Damnation" {damnation}
  2641 | D        | Noticed a deep elf master archer
  2641 | D        | Noticed a deep elf master archer
  2641 | D        | Noticed a deep elf master archer
  2641 | D        | Noticed a deep elf master archer
  2641 | D        | Noticed a deep elf master archer
  2641 | D        | Identified the +5 scythe "Glorpo" {pain, rN+ Dex+3}
  2641 | D        | Identified the +1 robe "Porchoteu" {*Drain rF+++ rC++}
  2642 | D        | Identified the cursed +0 flail "Naunwen" {drain, rF+++
                  | Int+2 Dex-2 Stlth+}
  2642 | D        | Identified the +2 great sword of Vuodum {freeze, +Rage MR+
                  | Int+4}
  2643 | D        | Found a transporter.
  2647 | D        | Received a gift from Trog
  2657 | D        | Reached skill level 27 in Fighting
  2657 | D        | Killed a deep elf master archer
  2658 | D        | Killed a deep elf master archer
  2658 | D        | Received a gift from Trog
  2667 | D        | Received a gift from Trog
  2667 | D        | Killed a deep elf master archer
  2671 | D        | Received a gift from Trog
  2672 | D        | Killed a deep elf master archer
  2679 | D        | Received a gift from Trog
  2680 | D        | Killed a deep elf master archer
  2922 | D        | Entered arena 26.
  2926 | D        | Received a gift from Trog
  2928 | D        | Identified the +3 morningstar "Aluckega" {vamp, *Rage rElec
                  | Int+9}
  2931 | D        | Received a gift from Trog
  2932 | D        | Noticed a lich
  2932 | D        | Noticed a lich
  2938 | D        | Received a gift from Trog
  2939 | D        | Identified the +3 chain mail "Usielafa" {rPois}
  2939 | D        | Identified the amulet of Jealousy {*Slow Regen+ Dex+6
                  | Stlth+}
  2943 | D        | Noticed a lich
  2944 | D        | Received a gift from Trog
  2944 | D        | Identified the +8 great sword "Dragonbane" {slice, *Noise
                  | rF+ MR+ Dex+2}
  2949 | D        | Killed a lich
  2950 | D        | Noticed a Brimstone Fiend
  2953 | D        | Received a gift from Trog
  2954 | D        | Reached XP level 17. HP: 191/191 MP: 28/30
  2954 | D        | Killed a lich
  2961 | D        | Received a gift from Trog
  2963 | D        | Received a gift from Trog
  2967 | D        | Killed a lich
  2968 | D        | Received a gift from Trog
  2976 | D        | Received a gift from Trog
  2981 | D        | Received a gift from Trog
  3007 | D        | Found a transporter.
  3016 | D        | Got the ring of Lies {Dex+2 Stlth+}
  3034 | D        | Identified a +0 pair of boots of running (You found it in
                  | the Dungeon)
  3082 | D        | Entered arena 27.
  3091 | D        | Noticed an acid blob
  3091 | D        | Noticed an acid blob
  3092 | D        | Noticed an acid blob
  3092 | D        | Noticed an acid blob
  3093 | D        | Found the +2 hat of the Bear Spirit {Spirit, +Rage rN+
                  | MR++}
  3095 | D        | Noticed an acid blob
  3095 | D        | Noticed an acid blob
  3095 | D        | Noticed an acid blob
  3096 | D        | Lost intelligence.
  3096 | D        | Noticed an acid blob
  3103 | D        | Killed an acid blob
  3104 | D        | Killed an acid blob
  3107 | D        | Killed an acid blob
  3107 | D        | Received a gift from Trog
  3110 | D        | Killed an acid blob
  3110 | D        | Received a gift from Trog
  3116 | D        | HP: 12/286 [acid (4)]
  3117 | D        | HP: 4/286 [acid (4)]
  3117 | D        | Splashed by an acid blob's acid

Skill      XL: |  1  2  3  4  5  6  7  8  9 10 11 12 13 14 15 16 17 |
---------------+----------------------------------------------------+-----
Fighting       | 9 11 12 13 14 15 18 20 21 22 26 27 | 27.0
Axes           | 7 8 10 11 13 14 16 18 19 21 23 26 | 26.4
Armour         | 6 7 8 9 11 12 14 16 17 19 21 23 25 | 25.4
Dodging        | 5 7 8 10 11 13 14 16 17 19 22 24 | 24.5
Shields        | 8 10 11 12 14 16 19 21 23 25 27 | 27.0
Evocations     | 6 11 15 20 21 | 21.5

Action                   |  1- 3 |  4- 6 |  7- 9 | 10-12 | 13-15 | 16-18 || total
-------------------------+-------+-------+-------+-------+-------+-------++-------
Melee: Broad axe         |     5 |     5 |    22 |    82 |   170 |   120 ||   404
       Headbutt          |     1 |     2 |     5 |    12 |    50 |    39 ||   109
Invok: Berserk           |       |       |     2 |     5 |     6 |     3 ||    16
       Brothers in Arms  |       |       |       |     8 |     7 |     4 ||    19
       Trog's Hand       |       |       |       |     5 |     6 |     3 ||    14
 Abil: Evoke Invisibilit |       |       |       |       |     2 |     2 ||     4
Evoke: Wand              |       |       |       |     2 |       |       ||     2
  Use: Potion            |     1 |       |       |       |       |       ||     1
       Scroll            |       |       |     1 |     3 |     1 |     4 ||     9
 Stab: Distracted        |       |       |       |     1 |     2 |       ||     3
       Invisible         |       |       |       |       |     3 |     5 ||     8
  Eat: Ration            |       |       |       |     2 |     3 |     1 ||     6
       Chunk             |       |       |       |     4 |     5 |     7 ||    16
Armor: Plate armour      |     2 |     1 |     1 |    37 |    99 |   100 ||   240
Dodge: Dodged            |       |       |     1 |    15 |    59 |    42 ||   117
Block: Shield            |     8 |     5 |    33 |   147 |   282 |   223 ||   698
